 Dungeon Crawl Stone Soup version 0.28.0-53-g5a82cb258f (webtiles) character file.

Game seed: 2227595753409178892

51 Descartes the Grasshopper (level 4, 0/33 HPs)
             Began as a Formicid Warper on June 27, 2022.
             Slain by an orc
             ... wielding a +0 mace
              (1 damage)
             ... on level 2 of the Dungeon.
             The game lasted 00:03:11 (1522 turns).

Descartes the Grasshopper (Formicid Warper)         Turns: 1522, Time: 00:03:12

Health: 0/33       AC:  8    Str: 17    XL:     4   Next: 5%
Magic:  7/7        EV: 11    Int: 13    God:
Gold:   24         SH:  0    Dex: 10    Spells: 7/7 levels left

rFire   . . .      SeeInvis +   a - +0 hand axe
rCold   + . .      Faith    .   (no shield)
rNeg    . . .      Spirit   .   d - +2 ring mail {rC+}
rPois   .          Reflect  .   (helmet unavailable)
rElec   .          Harm     .   (no cloak)
rCorr   .          Rampage  .   i - +0 pair of gloves
Will    .....                   (no boots)
Stlth   ..........              (no amulet)
HPRegen 0.11/turn               (no ring)
MPRegen 0.10/turn               (no ring)

@: lethally poisoned (0 -> -3)
A: permanent stasis, dig shafts and tunnels, antennae 3, four strong arms
a: Dig, Shaft Self


You were on level 2 of the Dungeon.
You visited 1 branch of the dungeon, and saw 2 of its levels.

You collected 24 gold pieces.

Inventory:

Hand Weapons
 a - a +0 hand axe (weapon)
Missiles
 c - 5 boomerangs of dispersal (quivered)
 g - 16 stones
Armour
 d - a +2 ring mail of cold resistance (worn)
 i - a +0 pair of gloves (worn)
Scrolls
 e - 2 scrolls of identify {unknown}
 h - a scroll of fog {unknown}
Potions
 f - a potion of magic


   Skills:
 - Level 2.1 Fighting
 + Level 2.6 Axes
 - Level 1.0 Throwing
 + Level 2.5 Armour
 - Level 1.7 Dodging
 - Level 2.1 Spellcasting
 + Level 3.3 Translocations


You had 7 spell levels left.
You didn't know any spells.
Your spell library contained the following spells:

 Spells                   Type           Power      Damage    Failure   Level
 Gell's Gravitas          Tloc           10%        N/A       34%         3
 Lesser Beckoning         Tloc           10%        N/A       34%         3
 Teleport Other           Tloc           10%        N/A       34%         3
 Manifold Assault         Tloc           10%        N/A       97%         5
 Blink                    Tloc           Unusable   N/A       N/A         2

Dungeon Overview and Level Annotations

Branches:
Dungeon (2/15)

Altars:


Innate Abilities, Weirdness & Mutations

You cannot be hasted, slowed, berserked, paralysed or teleported.
You can dig through walls and to a lower floor.
You have a pair of large antennae on your head. (SInv)
Your four strong arms can wield two-handed weapons with a shield.


Message History

You hit the adder.
The adder is almost dead.
You feel sick. The adder barely misses you. The adder closely misses you.
You barely miss the adder.
The adder is almost dead.
You feel sick. The adder bites you. The adder bites you but does no damage.
You hit the adder.
You kill the adder!
You feel sick. The adder bites you but does no damage.
You have reached level 4!
You feel clever.
You closely miss the orc. You hit the adder.
You feel sick. The adder misses you. The orc misses you.
Unknown command.
You hit the adder.
The adder is almost dead.
You barely miss the orc.
You feel sick. The adder completely misses you. The orc barely misses you.
The adder bites you but does no damage.
Unknown command.
You closely miss the adder.
The adder is almost dead.
You hit the orc but do no damage.
You feel sick.
You are no longer poisoned.
The orc closely misses you. The adder bites you.
You are poisoned.
The adder poisons you! The orc hits you but does no damage.
It was a potion of magic.
Magic courses through your body.
You feel sick. The adder closely misses you. The orc closely misses you.
The adder barely misses you.
Unknown command.
You feel sick. The orc hits you with a +0 mace.
* * * LOW HITPOINT WARNING * * *
You barely miss the adder.
The adder is almost dead.
You hit the orc but do no damage.
* * * LOW HITPOINT WARNING * * *
You feel sick. The adder bites you.
* * * LOW HITPOINT WARNING * * *
The orc hits you with a +0 mace.
You die...

.##'###########{####........#
# ...{{......
#....##.##.....# #
.)...##.... #..###...##....#
.....# ## #...#..≈..#....#
....## ##....≈≈≈...#### ....#
#.##..≈..### ....# #.###...##
....# #.oS##{### ....#
#.@#{oo..# #..#oo...#
#..#.....# #..####### #...
#.## #. #.


You could see an adder and an orc.

Vanquished Creatures
  2 adders (D:2)
  2 bats (D:1)
  2 endoplasms
  A giant cockroach (D:1)
  2 goblins
  2 hobgoblins
  3 jackals (D:2)
  3 quokkas (D:1)
  3 ball pythons
  4 frilled lizards
  6 kobolds
  2 rats (D:1)
32 creatures vanquished.

Vanquished Creatures (others)
  2 plants (D:1)
2 creatures vanquished.

Grand Total: 34 creatures vanquished

Notes
Turn   | Place    | Note
-------+----------+-------------------------------------------
     0 | D:1      | Descartes the Formicid Warper began the quest for the Orb.
     0 | D:1      | Reached XP level 1. HP: 16/16 MP: 3/3
   257 | D:1      | Reached XP level 2. HP: 17/22 MP: 5/5
   264 | D:1      | Reached skill level 3 in Translocations
   919 | D:1      | Reached XP level 3. HP: 19/27 MP: 6/6
  1517 | D:2      | Reached XP level 4. HP: 18/33 MP: 7/7
  1522 | D:2      | HP: 1/33 [adder (4)]
  1522 | D:2      | Slain by an orc

Illustrated notes

Levels and vault maps discovered:
D:1:      nicolae_arrival_memento_mori, layout_basic, serial_bayou_lake_a
D:2:      layout_basic, palyth_stone_intersect, amcnicky_mini_pool_small,
          kennysheep_small_spiral, kennysheep_path_1, uniq_crazy_yiuf_cottage

Skill      XL: |  1  2 |
---------------+-------+-----
Translocations | 3 |  3.3
Armour         | 2 |  2.5
Fighting       | |  2.1
Axes           | |  2.6
Throwing       | |  1.0
Dodging        | |  1.7
Spellcasting   | |  2.1

Action                   |  1- 3 |  4- 6 || total
-------------------------+-------+-------++-------
Melee: Hand axe          |   105 |     4 ||   109
 Abil: Dig               |     1 |       ||     1
  Use: Potion            |       |     1 ||     1
Armor: Ring mail         |    61 |     2 ||    63
Dodge: Dodged            |    96 |     8 ||   104
